Penguins vs Jets
(R2)
Created - 12 octobre 2014 at 00:11
Goals
|
| Penguins |
0 |
1 |
1 |
2 |
| Jets |
1 |
2 |
3 |
6 |
|
Shots
|
| Penguins |
6 |
8 |
13 |
27 |
| Jets |
10 |
8 |
14 |
32 |
|
1st period
1. Jets , Ales Kotalik 2 (Derek Roy, Benoit Pouliot) at 5:52
Penalties :
Ales Kotalik (Win) for Fighting (Major) at 11:21, Raffi Torres (Pit) for Fighting (Major) at 11:21, Ales Kotalik (Win) for instigated a fight (Minor) at 11:21, Ales Kotalik (Win) for instigated a fight (10 Minutes Misconduct) at 11:21, Marek Zidlicky (Win) for Tripping (Minor) at 16:06
2nd period
2. Jets , Adam Burish 4 (Derek Roy, Michal Rozsival) at 1:08
3. Penguins , Steven Stamkos 5 (Brent Sopel, Brian Elliott) at 13:02 (PP)
4. Jets , Kristian Huselius 2 (Mikko Koivu, Jussi Jokinen) at 17:10
Penalties :
Simon Gagné (Pit) for Roughing (Minor) at 1:11, Simon Gagné (Pit) for Cross-checking (Minor) at 10:06, Mark Streit (Win) for Slashing (Minor) at 12:26, Adam Burish (Win) for Hooking (Minor) at 14:58, Darren Reid (Pit) for Holding Stick (Minor) at 17:28
3rd period
5. Jets , Adam Burish 5 (Jussi Jokinen) at 4:19
6. Penguins , Simon Gagné 5 (Bobby Ryan, Peter Forsberg) at 5:52 (PP)
7. Jets , Derek Roy 4 (Michal Rozsival, Benoit Pouliot) at 6:19
8. Jets , Derek Roy 5 (Benoit Pouliot) at 15:34 (PP)
Penalties :
Benoit Pouliot (Win) for Slashing (Minor) at 5:39, Brent Sopel (Pit) for Hooking (Minor) at 6:43, Simon Gagné (Pit) for Roughing (Minor) at 10:51, Brooks Orpik (Pit) for Interference (Minor) at 15:01, Jay McKee (Pit) for Cross-checking (Minor) at 15:30, Mikko Koivu (Win) for Charging (Double Minor) at 19:42
Goalie Stats
Brian Elliott (Pit), 18 saves from 23 shots - (0,783), L, 5-4-0, 46:19 minutes
Josh Tordjman (Pit), 8 saves from 9 shots - (0,889), 13:41 minutes
Maxime Daigneault (Win), 25 saves from 27 shots - (0,926), W, 1-4-0, 60:00 minutes
Players Stats for Penguins
Player Name G A P +/- PIM S H SB GA TA FO MP PP MP PK MP
------------------------------------------------------------------------------------
Bobby Ryan 0 1 1 -1 0 2 1 0 0 1 0/1 20:02 4:12 2:59
Brent Sopel 0 1 1 -1 2 2 1 2 0 1 0/0 26:43 4:44 6:25
Brian McGrattan 0 0 0 -2 0 0 0 0 0 0 0/1 10:26 0:00 2:23
Brooks Orpik 0 0 0 -2 2 1 0 0 0 1 0/0 22:06 4:44 4:42
Darren Reid 0 0 0 0 2 0 2 0 0 1 0/0 16:05 0:01 5:56
Denis Arkhipov 0 0 0 -2 0 0 0 2 0 1 7/18 14:23 0:00 6:41
Dustin Penner 0 0 0 -2 0 2 1 2 0 1 0/1 13:36 0:00 2:15
Jay McKee 0 0 0 -1 2 1 2 2 0 0 0/0 23:30 2:19 6:28
Nathan Horton 0 0 0 -2 0 1 4 0 0 0 0/0 12:45 2:51 0:00
Paul Ranger 0 0 0 -2 0 1 1 0 0 0 0/0 13:51 0:00 0:12
Pernell Karl Subban 0 0 0 -2 0 1 2 3 0 1 0/0 18:27 2:19 2:40
Peter Forsberg 0 1 1 0 0 2 0 0 0 0 12/15 16:55 4:11 2:59
Raffi Torres 0 0 0 -2 5 3 1 0 0 0 0/0 6:42 0:00 0:27
Ryan Kesler 0 0 0 -1 0 2 1 1 3 0 7/15 15:31 2:51 0:00
Sean Zimmerman 0 0 0 -2 0 0 0 0 0 0 0/0 15:51 0:00 4:18
Simon Gagné 1 0 1 -1 6 5 3 0 0 0 0/0 17:05 4:12 0:00
Steve Sullivan 0 0 0 0 0 1 1 0 0 0 1/1 9:40 0:00 0:00
Steven Stamkos 1 0 1 -2 0 3 4 0 1 0 1/5 13:47 2:51 1:02
Players Stats for Jets
Player Name G A P +/- PIM S H SB GA TA FO MP PP MP PK MP
------------------------------------------------------------------------------------
Adam Burish 2 0 2 2 2 3 1 0 0 0 0/0 19:04 4:45 3:05
Ales Kotalik 1 0 1 2 17 3 3 2 0 0 0/2 16:26 6:12 0:04
Benoit Pouliot 0 3 3 3 2 4 3 0 1 0 2/4 21:26 7:35 1:47
Colin White 0 0 0 1 0 0 0 0 0 0 0/0 7:48 0:00 3:27
Derek Roy 2 2 4 3 0 3 3 1 2 0 17/37 24:58 7:35 4:07
Dmitri Kalinin 0 0 0 3 0 1 1 2 0 0 0/0 24:03 4:06 3:36
Eric Fehr 0 0 0 0 0 0 0 1 0 1 0/0 12:11 0:03 0:08
Fredrik Sjostrom 0 0 0 1 0 2 0 1 1 0 0/1 13:56 0:06 2:18
Greg Campbell 0 0 0 0 0 1 1 0 2 0 1/2 14:59 1:26 2:19
Jussi Jokinen 0 2 2 1 0 1 2 0 0 0 0/0 15:23 4:42 0:23
Kristian Huselius 1 0 1 1 0 1 3 0 0 0 0/0 7:15 0:00 0:00
Marek Zidlicky 0 0 0 0 2 0 1 1 0 0 0/0 16:13 4:06 0:00
Mark Streit 0 0 0 0 2 2 0 2 1 1 0/0 19:04 8:17 0:00
Michal Rozsival 0 2 2 3 0 6 0 2 0 0 0/0 29:42 8:17 3:36
Mikko Koivu 0 1 1 1 4 5 1 1 0 0 8/10 19:30 4:45 0:03
Niklas Hjalmarsson 0 0 0 1 0 0 0 0 0 0 0/0 9:54 0:00 0:00
Tom Preissing 0 0 0 2 0 0 0 1 0 1 0/0 13:34 0:00 3:27
Tuomo Ruutu 0 0 0 1 0 0 0 1 0 1 1/1 7:33 0:00 0:00
3 Stars
1 - Derek Roy (Win)
2 - Adam Burish (Win)
3 - Benoit Pouliot (Win)
Power Play
Penguins - 2 on 7 Attempt(s) - 28,57%
Jets - 1 on 7 Attempt(s) - 14,29%
Penalty Kill
Penguins - 6 on 7 Attempt(s) - 85,71%
- Score 0 goal in Penalty Kill
Jets - 5 on 7 Attempt(s) - 71,43%
- Score 0 goal in Penalty Kill
Official
Referees : Furlatt Eric and Watson Brad
Linesman : Vaughan Rody and Pierre Racicot
Game Notes
Ales Kotalik beats up Raffi Torres at 11:21 of 1st period
Josh Tordjman enters game at 6:19 of 3rd period
Finance
Level 1 -- Attendance: 6000 (100,00%) -- Ticket Income 450 000 $
Level 2 -- Attendance: 4935 (98,70%) -- Ticket Income 246 750 $
Level 3 -- Attendance: 1813 (90,65%) -- Ticket Income 45 325 $
Level 4 -- Attendance: 4000 (100,00%) -- Ticket Income 72 000 $
Luxury Box -- Attendance: 1000 (100,00%) -- Ticket Income 160 000 $
Game was played at the MTS Center
Total Attendance: 17748 (98,60%)
Total Ticket Income: 974 075 $
Other Income: 146 111 $
Total Income: 1 120 186 $
Penguins
5 vs 5 Forward
Center Left Wing Right Wing Time % Phy DF OF
1 Ryan Kesler Simon Gagné Bobby Ryan 35 1 1 3
2 Steven Stamkos Dustin Penner Nathan Horton 30 1 1 3
3 Peter Forsberg Steve Sullivan Darren Reid 30 1 1 3
4 Denis Arkhipov Raffi Torres Brian McGrattan 5 1 2 2
5 vs 5 Defense
Defense Defense Time % Phy DF OF
1 Jay McKee Brent Sopel 40 1 2 2
2 Brooks Orpik Pernell Karl Subban 35 1 2 2
3 Paul Ranger Sean Zimmerman 20 1 2 2
4 Brent Sopel Brooks Orpik 5 1 2 2
PowerPlay Forward
Center Left Wing Right Wing Time % Phy DF OF
1 Peter Forsberg Simon Gagné Bobby Ryan 60 1 0 4
2 Ryan Kesler Steven Stamkos Nathan Horton 40 1 0 4
PowerPlay Defense
Defense Defense Time % Phy DF OF
1 Brooks Orpik Brent Sopel 60 1 1 3
2 Jay McKee Pernell Karl Subban 40 1 1 3
Penalty Kill 4 Players Forward
Center Wing Time % Phy DF OF
1 Denis Arkhipov Darren Reid 60 1 3 1
2 Peter Forsberg Bobby Ryan 40 1 3 1
Penalty Kill 4 Players Defense
Defense Defense Time % Phy DF OF
1 Jay McKee Brent Sopel 60 1 3 1
2 Brooks Orpik Sean Zimmerman 40 1 3 1
Penalty Kill - 3 Players Forward
Forward Time % Phy DF OF
1 Denis Arkhipov 60 1 3 1
2 Darren Reid 40 1 3 1
Penalty Kill - 3 Players Defense
Defense Defense Time % Phy DF OF
1 Jay McKee Brent Sopel 60 1 3 1
2 Brooks Orpik Sean Zimmerman 40 1 3 1
4 vs 4 Forward
Center Wing Time % Phy DF OF
1 Peter Forsberg Simon Gagné 60 1 2 2
2 Ryan Kesler Bobby Ryan 40 1 2 2
4 vs 4 Defense
Defense Defense Time % Phy DF OF
1 Brooks Orpik Brent Sopel 60 1 2 2
2 Jay McKee Pernell Karl Subban 40 1 2 2
Last Minutes Offensive
Center Left Wing Right Wing Defense Defense
Ryan Kesler Simon Gagné Bobby Ryan Brent Sopel Jay McKee
Last Minutes Defensive
Center Left Wing Right Wing Defense Defense
Denis Arkhipov Darren Reid Bobby Ryan Brent Sopel Jay McKee
Goaltenders
Starting : Brian Elliott
Backup : Josh Tordjman
Extra Forwards
Normal : Darren Reid, Denis Arkhipov, Brian McGrattan - PP : Darren Reid, Dustin Penner - PK : Brian McGrattan
Extra Defensemen
Normal : Paul Ranger, Brent Sopel, Jay McKee - PP : Paul Ranger - PK : Brent Sopel, Jay McKee
Penalty Shots
Peter Forsberg, Ryan Kesler, Simon Gagné, Bobby Ryan, Steven Stamkos
Jets
5 vs 5 Forward
Center Left Wing Right Wing Time % Phy DF OF
1 Derek Roy Benoit Pouliot Ales Kotalik 40 2 2 1
2 Mikko Koivu Jussi Jokinen Adam Burish 30 2 2 1
3 Greg Campbell Fredrik Sjostrom Eric Fehr 20 1 2 2
4 Mikko Koivu Kristian Huselius Tuomo Ruutu 10 1 2 2
5 vs 5 Defense
Defense Defense Time % Phy DF OF
1 Michal Rozsival Dmitri Kalinin 40 2 2 1
2 Marek Zidlicky Mark Streit 30 2 2 1
3 Tom Preissing Niklas Hjalmarsson 20 2 2 1
4 Colin White Michal Rozsival 10 2 2 1
PowerPlay Forward
Center Left Wing Right Wing Time % Phy DF OF
1 Derek Roy Benoit Pouliot Ales Kotalik 60 1 1 3
2 Mikko Koivu Jussi Jokinen Adam Burish 40 1 1 3
PowerPlay Defense
Defense Defense Time % Phy DF OF
1 Michal Rozsival Mark Streit 60 1 1 3
2 Dmitri Kalinin Marek Zidlicky 40 1 1 3
Penalty Kill 4 Players Forward
Center Wing Time % Phy DF OF
1 Derek Roy Adam Burish 60 1 3 1
2 Greg Campbell Ales Kotalik 40 1 3 1
Penalty Kill 4 Players Defense
Defense Defense Time % Phy DF OF
1 Michal Rozsival Dmitri Kalinin 60 1 4 0
2 Colin White Tom Preissing 40 1 4 0
Penalty Kill - 3 Players Forward
Forward Time % Phy DF OF
1 Derek Roy 60 0 4 1
2 Greg Campbell 40 0 4 1
Penalty Kill - 3 Players Defense
Defense Defense Time % Phy DF OF
1 Michal Rozsival Dmitri Kalinin 60 1 4 0
2 Tom Preissing Marek Zidlicky 40 1 4 0
4 vs 4 Forward
Center Wing Time % Phy DF OF
1 Derek Roy Benoit Pouliot 60 1 2 2
2 Mikko Koivu Jussi Jokinen 40 1 2 2
4 vs 4 Defense
Defense Defense Time % Phy DF OF
1 Michal Rozsival Dmitri Kalinin 60 1 2 2
2 Mark Streit Marek Zidlicky 40 1 2 2
Last Minutes Offensive
Center Left Wing Right Wing Defense Defense
Derek Roy Benoit Pouliot Ales Kotalik Michal Rozsival Dmitri Kalinin
Last Minutes Defensive
Center Left Wing Right Wing Defense Defense
Greg Campbell Jussi Jokinen Ales Kotalik Michal Rozsival Dmitri Kalinin
Goaltenders
Starting : Maxime Daigneault
Backup : Ilya Bryzgalov
Extra Forwards
Normal : Greg Campbell, Ales Kotalik, Fredrik Sjostrom - PP : Greg Campbell, Ales Kotalik - PK : Fredrik Sjostrom
Extra Defensemen
Normal : Dmitri Kalinin, Michal Rozsival, Marek Zidlicky - PP : Michal Rozsival - PK : Michal Rozsival, Dmitri Kalinin
Penalty Shots
Benoit Pouliot, Derek Roy, Mikko Koivu, Ales Kotalik, Adam Burish
% Time on Ice - Penguins
Lines # - Real PCT - Wanted PCT - Time Play
Normal Forward
1 - 33% - 35% - 13:22
2 - 25% - 30% - 10:00
3 - 24% - 30% - 9:40
4 - 19% - 5% - 7:32
Normal Defense
1 - 35% - 40% - 14:19
2 - 33% - 35% - 13:28
3 - 28% - 20% - 11:32
4 - 3% - 5% - 1:15
PP Forward
1 - 60% - 60% - 4:12
2 - 40% - 40% - 2:51
PP Defense
1 - 67% - 60% - 4:44
2 - 33% - 40% - 2:19
PK Forward
1 - 76% - 60% - 9:20
2 - 24% - 40% - 2:59
PK Defense
1 - 65% - 60% - 8:01
2 - 35% - 40% - 4:18
PK3 Forward
1 - 100% - 60% - 0:04
2 - 0% - 40% - 0:00
PK3 Defense
1 - 100% - 60% - 0:04
2 - 0% - 40% - 0:00
44 Forward
1 - 0% - 60%
2 - 0% - 40%
44 Defense
1 - 0% - 60%
2 - 0% - 40%
Last Minute Offensive - 0:00
Last Minute Defensive - 0:00
Total
Forward - 60:00
Defense - 60:00
|
% Time on Ice - Jets
Lines # - Real PCT - Wanted PCT - Time Play
Normal Forward
1 - 34% - 40% - 13:47
2 - 25% - 30% - 10:00
3 - 24% - 20% - 9:32
4 - 18% - 10% - 7:15
Normal Defense
1 - 36% - 40% - 14:31
2 - 30% - 30% - 12:19
3 - 24% - 20% - 9:54
4 - 9% - 10% - 3:50
PP Forward
1 - 62% - 60% - 7:41
2 - 38% - 40% - 4:42
PP Defense
1 - 67% - 60% - 8:17
2 - 33% - 40% - 4:06
PK Forward
1 - 81% - 60% - 5:44
2 - 19% - 40% - 1:19
PK Defense
1 - 51% - 60% - 3:36
2 - 49% - 40% - 3:27
PK3 Forward
1 - 0% - 60%
2 - 0% - 40%
PK3 Defense
1 - 0% - 60%
2 - 0% - 40%
44 Forward
1 - 0% - 60%
2 - 0% - 40%
44 Defense
1 - 0% - 60%
2 - 0% - 40%
Last Minute Offensive - 0:00
Last Minute Defensive - 0:00
Total
Forward - 60:00
Defense - 60:00
|
Play by Play
1st period
0:01 of 1st period - Derek Roy wins face-off versus Ryan Kesler in neutral zone.
0:04 of 1st period - Snap shot by Derek Roy.
0:04 of 1st period - Shot Blocked by Ryan Kesler.
0:53 of 1st period - Wrist shot by Fredrik Sjostrom.
0:53 of 1st period - Shot Blocked by Pernell Karl Subban.
0:55 of 1st period - Slapshot by Dmitri Kalinin.
0:55 of 1st period - Stopped by Brian Elliott without a rebound.
0:56 of 1st period - Mikko Koivu wins face-off versus Denis Arkhipov in Penguins zone.
0:59 of 1st period - Snap shot by Mikko Koivu.
0:59 of 1st period - Shot Misses the Net.
1:11 of 1st period - Snap shot by Raffi Torres.
1:11 of 1st period - Shot Misses the Net.
1:32 of 1st period - Marek Zidlicky is hit by Paul Ranger and loses puck.
1:42 of 1st period - Icing by Steve Sullivan.
1:43 of 1st period - Peter Forsberg wins face-off versus Fredrik Sjostrom in Penguins zone.
1:52 of 1st period - Slapshot by Ryan Kesler.
1:52 of 1st period - Deflect By Simon Gagné.
1:52 of 1st period - Stopped by Maxime Daigneault without a rebound.
1:53 of 1st period - Mikko Koivu wins face-off versus Ryan Kesler in Jets zone.
2:15 of 1st period - Bobby Ryan is hit by Adam Burish and loses puck.
2:30 of 1st period - Slapshot by Ryan Kesler.
2:30 of 1st period - Stopped by Maxime Daigneault without a rebound.
2:31 of 1st period - Derek Roy wins face-off versus Steven Stamkos in Jets zone.
2:38 of 1st period - Backhand shot by Ales Kotalik.
2:38 of 1st period - Stopped by Brian Elliott with a rebound.
2:58 of 1st period - Niklas Hjalmarsson is hit by Darren Reid and loses puck.
3:57 of 1st period - Eric Fehr is hit by Nathan Horton and loses puck.
4:08 of 1st period - Snap shot by Steven Stamkos.
4:08 of 1st period - Shot Misses the Net.
4:10 of 1st period - Slapshot by Pernell Karl Subban.
4:10 of 1st period - Stopped by Maxime Daigneault without a rebound.
4:11 of 1st period - Peter Forsberg wins face-off versus Derek Roy in Jets zone.
4:38 of 1st period - Jussi Jokinen is hit by Nathan Horton and loses puck.
4:45 of 1st period - Snap shot by Steven Stamkos.
4:45 of 1st period - Shot Misses the Net.
5:10 of 1st period - Snap shot by Fredrik Sjostrom.
5:10 of 1st period - Stopped by Brian Elliott without a rebound.
5:11 of 1st period - Derek Roy wins face-off versus Steven Stamkos in Penguins zone.
5:18 of 1st period - Slapshot by Benoit Pouliot.
5:18 of 1st period - Shot Blocked by Pernell Karl Subban.
5:20 of 1st period - Slapshot by Michal Rozsival.
5:20 of 1st period - Stopped by Brian Elliott without a rebound.
5:21 of 1st period - Steven Stamkos wins face-off versus Derek Roy in Penguins zone.
5:52 of 1st period - Wrist shot by Ales Kotalik.
5:52 of 1st period - Goal by Ales Kotalik - Penguins : 0 - Jets : 1.
5:53 of 1st period - Mikko Koivu wins face-off versus Peter Forsberg in neutral zone.
6:18 of 1st period - Brent Sopel is hit by Benoit Pouliot.
7:19 of 1st period - Wrist shot by Mikko Koivu.
7:19 of 1st period - Stopped by Brian Elliott with a rebound.
7:41 of 1st period - Wrist shot by Ryan Kesler.
7:41 of 1st period - Stopped by Maxime Daigneault without a rebound.
7:42 of 1st period - Ryan Kesler wins face-off versus Mikko Koivu in Jets zone.
9:07 of 1st period - Wrist shot by Fredrik Sjostrom.
9:07 of 1st period - Stopped by Brian Elliott without a rebound.
9:08 of 1st period - Ryan Kesler wins face-off versus Mikko Koivu in Penguins zone.
9:45 of 1st period - Wrist shot by Benoit Pouliot.
9:45 of 1st period - Stopped by Brian Elliott without a rebound.
9:46 of 1st period - Mikko Koivu wins face-off versus Ryan Kesler in Penguins zone.
9:49 of 1st period - Wrist shot by Mikko Koivu.
9:49 of 1st period - Stopped by Brian Elliott with a rebound.
10:26 of 1st period - Wrist shot by Peter Forsberg.
10:26 of 1st period - Deflect By Steve Sullivan.
10:26 of 1st period - Shot Misses the Net.
10:26 of 1st period - Puck is out of play.
10:27 of 1st period - Derek Roy wins face-off versus Steven Stamkos in Jets zone.
10:52 of 1st period - Colin White is hit by Brent Sopel and loses puck.
11:15 of 1st period - Off-side.
11:16 of 1st period - Derek Roy wins face-off versus Denis Arkhipov in neutral zone.
11:21 of 1st period - Ales Kotalik beats up Raffi Torres.
11:21 of 1st period - Penalty to Ales Kotalik for Fighting.
11:21 of 1st period - Penalty to Raffi Torres for Fighting.
11:21 of 1st period - Penalty to Ales Kotalik for instigated a fight.
11:21 of 1st period - Penalty to Ales Kotalik for instigated a fight.
11:22 of 1st period - Peter Forsberg wins face-off versus Derek Roy in neutral zone.
11:37 of 1st period - Snap shot by Peter Forsberg.
11:37 of 1st period - Deflect By Simon Gagné.
11:37 of 1st period - Shot Blocked by Derek Roy.
11:37 of 1st period - Puck is out of play.
11:38 of 1st period - Peter Forsberg wins face-off versus Derek Roy in Jets zone.
11:51 of 1st period - Brooks Orpik is hit by Derek Roy and loses puck.
13:21 of 1st period - Penalty to Ales Kotalik is over, Eric Fehr is send on ice.
14:58 of 1st period - Dmitri Kalinin is hit by Ryan Kesler and loses puck.
15:38 of 1st period - Backhand shot by Kristian Huselius.
15:38 of 1st period - Shot Blocked by Dustin Penner.
16:06 of 1st period - Minor Penalty to Marek Zidlicky for Tripping.
16:07 of 1st period - Derek Roy wins face-off versus Peter Forsberg in Jets zone.
16:20 of 1st period - Snap shot by Peter Forsberg.
16:20 of 1st period - Deflect By Simon Gagné.
16:20 of 1st period - Stopped by Maxime Daigneault with a rebound.
16:21 of 1st period - Penalty to Ales Kotalik is over, Eric Fehr is send on ice.
16:22 of 1st period - Snap shot by Simon Gagné.
16:22 of 1st period - Stopped by Maxime Daigneault with a rebound.
16:32 of 1st period - Brent Sopel is hit by Dmitri Kalinin and loses puck.
16:39 of 1st period - Snap shot by Greg Campbell.
16:39 of 1st period - Shot Misses the Net.
18:06 of 1st period - Penalty to Marek Zidlicky is over, Marek Zidlicky is back on ice.
18:12 of 1st period - Michal Rozsival is hit by Jay McKee.
18:28 of 1st period - Marek Zidlicky is hit by Jay McKee and loses puck.
18:51 of 1st period - Greg Campbell is hit by Nathan Horton and loses puck.
19:23 of 1st period - Wrist shot by Adam Burish.
19:23 of 1st period - Stopped by Brian Elliott with a rebound.
19:35 of 1st period - Tom Preissing is hit by Darren Reid and loses puck.
Goals for this period are 0 for Penguins vs 1 for Jets.
Shots for this period are 6 for Penguins vs 10 for Jets.
2nd period
0:01 of 2nd period - Derek Roy wins face-off versus Ryan Kesler in neutral zone.
0:58 of 2nd period - Wrist shot by Darren Reid.
0:58 of 2nd period - Shot Misses the Net.
1:08 of 2nd period - Backhand shot by Adam Burish.
1:08 of 2nd period - Goal by Adam Burish - Penguins : 0 - Jets : 2.
1:09 of 2nd period - Ryan Kesler wins face-off versus Derek Roy in neutral zone.
1:11 of 2nd period - Minor Penalty to Simon Gagné for Roughing.
1:12 of 2nd period - Derek Roy wins face-off versus Denis Arkhipov in Penguins zone.
1:20 of 2nd period - Snap shot by Benoit Pouliot.
1:20 of 2nd period - Shot Blocked by Jay McKee.
1:22 of 2nd period - Wrist shot by Greg Campbell.
1:22 of 2nd period - Stopped by Brian Elliott without a rebound.
1:23 of 2nd period - Denis Arkhipov wins face-off versus Derek Roy in Penguins zone.
1:32 of 2nd period - Slapshot by Mark Streit.
1:32 of 2nd period - Deflect By Derek Roy.
1:32 of 2nd period - Shot Misses the Net.
1:32 of 2nd period - Puck is out of play.
1:33 of 2nd period - Benoit Pouliot wins face-off versus Denis Arkhipov in Penguins zone.
2:42 of 2nd period - Snap shot by Mikko Koivu.
2:42 of 2nd period - Shot Misses the Net.
2:44 of 2nd period - Snap shot by Michal Rozsival.
2:44 of 2nd period - Stopped by Brian Elliott with a rebound.
2:46 of 2nd period - Wrist shot by Mark Streit.
2:46 of 2nd period - Shot Blocked by Dustin Penner.
3:11 of 2nd period - Penalty to Simon Gagné is over, Simon Gagné is back on ice.
3:25 of 2nd period - Snap shot by Bobby Ryan.
3:25 of 2nd period - Shot Blocked by Marek Zidlicky.
3:27 of 2nd period - Wrist shot by Ryan Kesler.
3:27 of 2nd period - Shot Blocked by Tuomo Ruutu.
4:08 of 2nd period - Mikko Koivu is hit by Pernell Karl Subban and loses puck.
5:14 of 2nd period - Fredrik Sjostrom is hit by Steven Stamkos and loses puck.
5:37 of 2nd period - Michal Rozsival is hit by Simon Gagné and loses puck.
6:08 of 2nd period - Jussi Jokinen is hit by Raffi Torres and loses puck.
6:21 of 2nd period - 10 Minutes Misconduct Penalty to Ales Kotalik is over.
6:25 of 2nd period - Derek Roy is hit by Pernell Karl Subban and loses puck.
6:45 of 2nd period - Brooks Orpik is hit by Kristian Huselius.
7:17 of 2nd period - Wrist shot by Raffi Torres.
7:17 of 2nd period - Stopped by Maxime Daigneault without a rebound.
7:18 of 2nd period - Mikko Koivu wins face-off versus Denis Arkhipov in Jets zone.
7:54 of 2nd period - Snap shot by Dustin Penner.
7:54 of 2nd period - Stopped by Maxime Daigneault with a rebound.
8:52 of 2nd period - Snap shot by Raffi Torres.
8:52 of 2nd period - Stopped by Maxime Daigneault with a rebound.
9:03 of 2nd period - Snap shot by Denis Arkhipov.
9:03 of 2nd period - Shot Blocked by Eric Fehr.
9:50 of 2nd period - Wrist shot by Bobby Ryan.
9:50 of 2nd period - Stopped by Maxime Daigneault without a rebound.
9:51 of 2nd period - Greg Campbell wins face-off versus Ryan Kesler in Jets zone.
9:51 of 2nd period - Greg Campbell is hit by Simon Gagné.
10:06 of 2nd period - Minor Penalty to Simon Gagné for Cross-checking.
10:07 of 2nd period - Denis Arkhipov wins face-off versus Derek Roy in Penguins zone.
10:28 of 2nd period - Jay McKee is hit by Derek Roy and loses puck.
11:21 of 2nd period - Brian McGrattan is hit by Benoit Pouliot and loses puck.
12:06 of 2nd period - Penalty to Simon Gagné is over, Simon Gagné is back on ice.
12:18 of 2nd period - Backhand shot by Greg Campbell.
12:18 of 2nd period - Shot Blocked by Brent Sopel.
12:26 of 2nd period - Minor Penalty to Mark Streit for Slashing.
12:27 of 2nd period - Peter Forsberg wins face-off versus Derek Roy in Jets zone.
12:30 of 2nd period - Slapshot by Peter Forsberg.
12:30 of 2nd period - Stopped by Maxime Daigneault without a rebound.
12:31 of 2nd period - Derek Roy wins face-off versus Peter Forsberg in Jets zone.
13:02 of 2nd period - Snap shot by Steven Stamkos.
13:02 of 2nd period - Goal by Steven Stamkos - Penguins : 1 - Jets : 2.
13:03 of 2nd period - Ryan Kesler wins face-off versus Derek Roy in neutral zone.
13:10 of 2nd period - Slapshot by Ryan Kesler.
13:10 of 2nd period - Shot Blocked by Dmitri Kalinin.
13:12 of 2nd period - Wrist shot by Bobby Ryan.
13:12 of 2nd period - Shot Blocked by Michal Rozsival.
13:14 of 2nd period - Snap shot by Bobby Ryan.
13:14 of 2nd period - Shot Blocked by Ales Kotalik.
13:16 of 2nd period - Snap shot by Ryan Kesler.
13:16 of 2nd period - Shot Blocked by Michal Rozsival.
13:18 of 2nd period - Slapshot by Brent Sopel.
13:18 of 2nd period - Shot Misses the Net.
13:28 of 2nd period - Dustin Penner is hit by Jussi Jokinen and loses puck.
13:55 of 2nd period - Slapshot by Jay McKee.
13:55 of 2nd period - Shot Blocked by Mark Streit.
13:57 of 2nd period - Slapshot by Brent Sopel.
13:57 of 2nd period - Stopped by Maxime Daigneault with a rebound.
13:59 of 2nd period - Snap shot by Peter Forsberg.
13:59 of 2nd period - Shot Blocked by Mark Streit.
14:48 of 2nd period - Slapshot by Steven Stamkos.
14:48 of 2nd period - Stopped by Maxime Daigneault without a rebound.
14:49 of 2nd period - Mikko Koivu wins face-off versus Dustin Penner in Jets zone.
14:49 of 2nd period - Mikko Koivu is hit by Nathan Horton.
14:58 of 2nd period - Minor Penalty to Adam Burish for Hooking.
14:59 of 2nd period - Peter Forsberg wins face-off versus Derek Roy in Jets zone.
14:59 of 2nd period - Snap shot by Bobby Ryan.
14:59 of 2nd period - Shot Blocked by Fredrik Sjostrom.
15:30 of 2nd period - Benoit Pouliot is hit by Steven Stamkos and loses puck.
16:48 of 2nd period - Icing by Brooks Orpik.
16:49 of 2nd period - Peter Forsberg wins face-off versus Derek Roy in Penguins zone.
16:58 of 2nd period - Penalty to Adam Burish is over, Adam Burish is back on ice.
17:10 of 2nd period - Snap shot by Kristian Huselius.
17:10 of 2nd period - Goal by Kristian Huselius - Penguins : 1 - Jets : 3.
17:11 of 2nd period - Mikko Koivu wins face-off versus Ryan Kesler in neutral zone.
17:19 of 2nd period - Slapshot by Mikko Koivu.
17:19 of 2nd period - Stopped by Brian Elliott with a rebound.
17:25 of 2nd period - Snap shot by Jussi Jokinen.
17:25 of 2nd period - Stopped by Brian Elliott without a rebound.
17:26 of 2nd period - Steve Sullivan wins face-off versus Derek Roy in Penguins zone.
17:28 of 2nd period - Minor Penalty to Darren Reid for Holding Stick.
17:29 of 2nd period - Derek Roy wins face-off versus Denis Arkhipov in Penguins zone.
17:37 of 2nd period - Wrist shot by Benoit Pouliot.
17:37 of 2nd period - Stopped by Brian Elliott without a rebound.
17:38 of 2nd period - Denis Arkhipov wins face-off versus Benoit Pouliot in Penguins zone.
17:47 of 2nd period - Slapshot by Mark Streit.
17:47 of 2nd period - Stopped by Brian Elliott with a rebound.
18:03 of 2nd period - Snap shot by Benoit Pouliot.
18:03 of 2nd period - Shot Blocked by Denis Arkhipov.
19:28 of 2nd period - Penalty to Darren Reid is over, Darren Reid is back on ice.
19:41 of 2nd period - Paul Ranger is hit by Marek Zidlicky and loses puck.
19:52 of 2nd period - Brooks Orpik is hit by Greg Campbell and loses puck.
Goals for this period are 1 for Penguins vs 2 for Jets.
Shots for this period are 8 for Penguins vs 8 for Jets.
3rd period
0:01 of 3rd period - Peter Forsberg wins face-off versus Derek Roy in neutral zone.
1:13 of 3rd period - Jay McKee is hit by Ales Kotalik and loses puck.
1:35 of 3rd period - Off-side.
1:36 of 3rd period - Mikko Koivu wins face-off versus Brian McGrattan in neutral zone.
1:45 of 3rd period - Snap shot by Mikko Koivu.
1:45 of 3rd period - Stopped by Brian Elliott with a rebound.
1:59 of 3rd period - Snap shot by Jussi Jokinen.
1:59 of 3rd period - Shot Misses the Net.
2:09 of 3rd period - Wrist shot by Ryan Kesler.
2:09 of 3rd period - Shot Misses the Net.
2:11 of 3rd period - Slapshot by Ryan Kesler.
2:11 of 3rd period - Shot Blocked by Mikko Koivu.
2:23 of 3rd period - Dustin Penner is hit by Benoit Pouliot and loses puck.
3:29 of 3rd period - Snap shot by Nathan Horton.
3:29 of 3rd period - Stopped by Maxime Daigneault with a rebound.
3:39 of 3rd period - Denis Arkhipov is hit by Kristian Huselius and loses puck.
4:19 of 3rd period - Wrist shot by Adam Burish.
4:19 of 3rd period - Goal by Adam Burish - Penguins : 1 - Jets : 4.
4:20 of 3rd period - Ryan Kesler wins face-off versus Derek Roy in neutral zone.
4:27 of 3rd period - Slapshot by Bobby Ryan.
4:27 of 3rd period - Shot Blocked by Dmitri Kalinin.
4:29 of 3rd period - Snap shot by Bobby Ryan.
4:29 of 3rd period - Shot Misses the Net.
4:31 of 3rd period - Wrist shot by Bobby Ryan.
4:31 of 3rd period - Shot Misses the Net.
5:39 of 3rd period - Minor Penalty to Benoit Pouliot for Slashing.
5:40 of 3rd period - Peter Forsberg wins face-off versus Derek Roy in Jets zone.
5:40 of 3rd period - Wrist shot by Bobby Ryan.
5:40 of 3rd period - Shot Misses the Net.
5:50 of 3rd period - Snap shot by Simon Gagné.
5:50 of 3rd period - Shot Misses the Net.
5:52 of 3rd period - Snap shot by Bobby Ryan.
5:52 of 3rd period - Deflect By Simon Gagné.
5:52 of 3rd period - Goal by Simon Gagné - Penguins : 2 - Jets : 4.
5:53 of 3rd period - Derek Roy wins face-off versus Ryan Kesler in neutral zone.
6:04 of 3rd period - Slapshot by Brent Sopel.
6:04 of 3rd period - Stopped by Maxime Daigneault without a rebound.
6:05 of 3rd period - Derek Roy wins face-off versus Steven Stamkos in Jets zone.
6:05 of 3rd period - Derek Roy is hit by Steven Stamkos.
6:15 of 3rd period - Wrist shot by Derek Roy.
6:15 of 3rd period - Stopped by Brian Elliott with a rebound.
6:17 of 3rd period - Slapshot by Michal Rozsival.
6:17 of 3rd period - Stopped by Brian Elliott with a rebound.
6:19 of 3rd period - Wrist shot by Derek Roy.
6:19 of 3rd period - Goal by Derek Roy - Penguins : 2 - Jets : 5.
6:19 of 3rd period - Josh Tordjman enters game.
6:20 of 3rd period - Benoit Pouliot wins face-off versus Ryan Kesler in neutral zone.
6:43 of 3rd period - Minor Penalty to Brent Sopel for Hooking.
6:44 of 3rd period - Derek Roy wins face-off versus Denis Arkhipov in Penguins zone.
7:15 of 3rd period - Slapshot by Mikko Koivu.
7:15 of 3rd period - Stopped by Josh Tordjman without a rebound.
7:16 of 3rd period - Peter Forsberg wins face-off versus Ales Kotalik in Penguins zone.
7:43 of 3rd period - Jay McKee is hit by Jussi Jokinen and loses puck.
8:10 of 3rd period - Slapshot by Bobby Ryan.
8:10 of 3rd period - Stopped by Maxime Daigneault with a rebound.
8:43 of 3rd period - Penalty to Brent Sopel is over, Brent Sopel is back on ice.
8:50 of 3rd period - Adam Burish is hit by Steven Stamkos.
9:02 of 3rd period - Tom Preissing is hit by Simon Gagné and loses puck.
9:34 of 3rd period - Michal Rozsival is hit by Dustin Penner and loses puck.
9:55 of 3rd period - Slapshot by Denis Arkhipov.
9:55 of 3rd period - Shot Blocked by Ales Kotalik.
10:07 of 3rd period - Sean Zimmerman is hit by Mikko Koivu.
10:38 of 3rd period - Slapshot by Raffi Torres.
10:38 of 3rd period - Stopped by Maxime Daigneault without a rebound.
10:39 of 3rd period - Denis Arkhipov wins face-off versus Ales Kotalik in Jets zone.
10:43 of 3rd period - Icing by Ales Kotalik.
10:44 of 3rd period - Tuomo Ruutu wins face-off versus Bobby Ryan in Jets zone.
10:48 of 3rd period - Off-side.
10:49 of 3rd period - Ryan Kesler wins face-off versus Derek Roy in neutral zone.
10:51 of 3rd period - Minor Penalty to Simon Gagné for Roughing.
10:52 of 3rd period - Denis Arkhipov wins face-off versus Derek Roy in Penguins zone.
10:52 of 3rd period - Denis Arkhipov is hit by Ales Kotalik.
11:03 of 3rd period - Slapshot by Michal Rozsival.
11:03 of 3rd period - Stopped by Josh Tordjman without a rebound.
11:04 of 3rd period - Derek Roy wins face-off versus Denis Arkhipov in Penguins zone.
11:05 of 3rd period - Wrist shot by Ales Kotalik.
11:05 of 3rd period - Stopped by Josh Tordjman with a rebound.
11:07 of 3rd period - Slapshot by Mark Streit.
11:07 of 3rd period - Shot Blocked by Denis Arkhipov.
11:09 of 3rd period - Wrist shot by Michal Rozsival.
11:09 of 3rd period - Stopped by Josh Tordjman without a rebound.
11:10 of 3rd period - Denis Arkhipov wins face-off versus Derek Roy in Penguins zone.
11:21 of 3rd period - Brent Sopel is hit by Ales Kotalik and loses puck.
11:44 of 3rd period - Slapshot by Mark Streit.
11:44 of 3rd period - Shot Misses the Net.
11:46 of 3rd period - Wrist shot by Adam Burish.
11:46 of 3rd period - Shot Blocked by Jay McKee.
12:51 of 3rd period - Penalty to Simon Gagné is over, Simon Gagné is back on ice.
13:04 of 3rd period - Slapshot by Steven Stamkos.
13:04 of 3rd period - Stopped by Maxime Daigneault with a rebound.
13:06 of 3rd period - Snap shot by Nathan Horton.
13:06 of 3rd period - Shot Misses the Net.
13:30 of 3rd period - Sean Zimmerman is hit by Kristian Huselius and loses puck.
13:57 of 3rd period - Niklas Hjalmarsson is hit by Steve Sullivan and loses puck.
15:01 of 3rd period - Minor Penalty to Brooks Orpik for Interference.
15:02 of 3rd period - Derek Roy wins face-off versus Denis Arkhipov in Penguins zone.
15:09 of 3rd period - Slapshot by Benoit Pouliot.
15:09 of 3rd period - Stopped by Josh Tordjman without a rebound.
15:10 of 3rd period - Denis Arkhipov wins face-off versus Benoit Pouliot in Penguins zone.
15:10 of 3rd period - Denis Arkhipov is hit by Derek Roy.
15:30 of 3rd period - Minor Penalty to Jay McKee for Cross-checking.
15:31 of 3rd period - Derek Roy wins face-off versus Denis Arkhipov in Penguins zone.
15:34 of 3rd period - Slapshot by Derek Roy.
15:34 of 3rd period - Goal by Derek Roy - Penguins : 2 - Jets : 6.
15:35 of 3rd period - Derek Roy wins face-off versus Denis Arkhipov in neutral zone.
15:38 of 3rd period - Slapshot by Mark Streit.
15:38 of 3rd period - Stopped by Josh Tordjman with a rebound.
15:40 of 3rd period - Snap shot by Derek Roy.
15:40 of 3rd period - Shot Blocked by Pernell Karl Subban.
15:42 of 3rd period - Snap shot by Benoit Pouliot.
15:42 of 3rd period - Shot Misses the Net.
15:44 of 3rd period - Slapshot by Michal Rozsival.
15:44 of 3rd period - Stopped by Josh Tordjman with a rebound.
15:46 of 3rd period - Snap shot by Ales Kotalik.
15:46 of 3rd period - Shot Blocked by Brent Sopel.
15:48 of 3rd period - Slapshot by Benoit Pouliot.
15:48 of 3rd period - Stopped by Josh Tordjman with a rebound.
15:50 of 3rd period - Wrist shot by Ales Kotalik.
15:50 of 3rd period - Shot Misses the Net.
16:08 of 3rd period - Snap shot by Mikko Koivu.
16:08 of 3rd period - Shot Misses the Net.
16:52 of 3rd period - Dmitri Kalinin is hit by Bobby Ryan and loses puck.
17:30 of 3rd period - Penalty to Jay McKee is over, Jay McKee is back on ice.
17:51 of 3rd period - Slapshot by Dustin Penner.
17:51 of 3rd period - Deflect By Jay McKee.
17:51 of 3rd period - Stopped by Maxime Daigneault with a rebound.
18:03 of 3rd period - Slapshot by Brooks Orpik.
18:03 of 3rd period - Stopped by Maxime Daigneault with a rebound.
18:19 of 3rd period - Backhand shot by Paul Ranger.
18:19 of 3rd period - Stopped by Maxime Daigneault without a rebound.
18:20 of 3rd period - Peter Forsberg wins face-off versus Derek Roy in Jets zone.
18:23 of 3rd period - Wrist shot by Steve Sullivan.
18:23 of 3rd period - Stopped by Maxime Daigneault with a rebound.
18:25 of 3rd period - Slapshot by Jay McKee.
18:25 of 3rd period - Shot Blocked by Tom Preissing.
18:27 of 3rd period - Wrist shot by Peter Forsberg.
18:27 of 3rd period - Stopped by Maxime Daigneault with a rebound.
18:35 of 3rd period - Snap shot by Darren Reid.
18:35 of 3rd period - Shot Misses the Net.
18:55 of 3rd period - Wrist shot by Steven Stamkos.
18:55 of 3rd period - Deflect By Dustin Penner.
18:55 of 3rd period - Stopped by Maxime Daigneault without a rebound.
18:56 of 3rd period - Ryan Kesler wins face-off versus Greg Campbell in Jets zone.
18:57 of 3rd period - Snap shot by Simon Gagné.
18:57 of 3rd period - Stopped by Maxime Daigneault with a rebound.
19:42 of 3rd period - Double Minor Penalty to Mikko Koivu for Charging.
19:43 of 3rd period - Peter Forsberg wins face-off versus Derek Roy in Jets zone.
Goals for this period are 1 for Penguins vs 3 for Jets.
Shots for this period are 13 for Penguins vs 14 for Jets.
Output by the SimonT Hockey Simulator (STHS) for Pascal Landry -- Original Page W3C XHTML 1.0 Valid